 Dungeon Crawl Stone Soup version 0.32-a0-30-gefbe487952 (webtiles) character file.

Game seed: 5651914170412430925

202 Nick1 the Purveyor of Pain (level 5, -3/40 HPs)
             Began as a Demonspawn Necromancer on Jan 20, 2024.
             Was an Initiate of Kikubaaqudgha.
             Splashed by a jelly's acid (7 damage)
             ... on level 5 of the Dungeon.
             The game lasted 00:23:49 (2630 turns).

Nick1 the Purveyor of Pain (Demonspawn Necromancer) Turns: 2630, Time: 00:23:49

Health: -3/40      AC:  2    Str:  9    XL:     5   Next: 50%
Magic:  9/9        EV: 12    Int: 17    God:    Kikubaaqudgha [......]
Gold:   183        SH:  0    Dex: 13    Spells: 5/9 levels left

rFire   . . .        (no weapon)
rCold   . . .        (no shield)
rNeg    . . .        a - +0 robe
rPois   .            (no helmet)
rElec   .            (no cloak)
rCorr   .            (no gloves)
SInv    .            (no boots)
Will    .....        (no amulet)
Stlth   ++           k - +4 ring of protection
HPRegen 0.26/turn    (no ring)
MPRegen 0.11/turn

%: clarity
@: corroded
A: claws 2, powered by death 1, clarity, passive freeze, robust 1
a: Renounce Religion


You were on level 5 of the Dungeon.
You worshipped Kikubaaqudgha.
Kikubaaqudgha was noncommittal.
You visited 1 branch of the dungeon, and saw 5 of its levels.

You collected 243 gold pieces.
You spent 60 gold pieces at shops.

Inventory:

Missiles
 c - 2 javelins (quivered)
 g - 2 boomerangs
Armour
 a - a +0 robe (worn)
Jewellery
 k - a +4 ring of protection (left claw)
Scrolls
 d - 2 scrolls of enchant weapon
 h - a scroll of summoning
 i - a scroll of poison {unknown}
 j - a scroll of teleportation
 l - a scroll of enchant armour {unknown}
Potions
 b - a potion of magic
 e - a potion of heal wounds
 f - 2 potions of haste


   Skills:
 * Level 1.2 Fighting
 + Level 0.6 Throwing
 * Level 2.4 Dodging
 * Level 2.5 Stealth
 + Level 0.4 Unarmed Combat
 * Level 2.8 Spellcasting
 * Level 5.8 Necromancy


You had 5 spell levels left.
You knew the following spells:

 Your Spells              Type           Power      Damage    Failure   Level
a - Necrotise             Necr           88%        1d8       1%          1
b - Vampiric Draining     Necr           22%        2d7       4%          3

Your spell library contained the following spells:

 Spells                   Type           Power      Damage    Failure   Level
 Animate Dead             Necr           22%        N/A       16%         4
 Curse of Agony           Necr           22%        N/A       41%         5


Dungeon Overview and Level Annotations

Branches:
Dungeon (5/15)
 Temple: D:4-7

Altars:
Fedhas
Kikubaaqudgha
Makhleb

Shops:
D:1 [?*:(   D:3 ![:   D:4 *

Annotations:
D:4 Grinder


Innate Abilities, Weirdness & Mutations

You have very sharp fingernails.
You regenerate a little health from kills.
You possess an exceptional clarity of mind.
A frigid envelope surrounds you and freezes all who hurt you.
You are robust. (+10% HP)


Message History

The quasit is almost dead.
The white imp hits you but does no damage.
The white imp resists.
The white imp is very cold.
The white imp is lightly wounded.
You barely miss the quasit.
The quasit is almost dead.
The quasit barely misses you.
The quasit claws you but does no damage.
The quasit resists.
The quasit is very cold.
You kill the quasit!
Kikubaaqudgha accepts your kill. The jelly misses you.
The white imp closely misses you.
You barely miss the jelly. The white imp closely misses you.
The jelly completely misses you.
Unknown command.
You scratch the jelly. The acid corrodes you!
Your claws burn!
The jelly is lightly wounded.
The white imp misses you. The jelly barely misses you.
You scratch the jelly but do no damage.
Your claws burn!
The jelly is lightly wounded.
The white imp gestures at you. The puff of frost hits you!
The jelly barely misses you.
You scratch the jelly.
Your claws burn!
The jelly is moderately wounded.
The white imp shouts, "Out, out, thou goatish motley-minded baggage!"
The white imp gestures at you. The puff of frost hits you!
The jelly barely misses you.
You scratch the jelly but do no damage.
Your claws burn!
The jelly is moderately wounded.
The white imp hits you.
* * * LOW HITPOINT WARNING * * *
The white imp freezes you.
* * * LOW HITPOINT WARNING * * *
The white imp resists.
The white imp is very cold.
The white imp is lightly wounded.
The jelly hits you.
* * * LOW HITPOINT WARNING * * *
You are splashed with acid!
You die...
Kikubaaqudgha rasps: "You have failed me!
Welcome... death!"

.. ...... .#####.
......
♣.♣~?♣.##......
(~~(~..........
..~~.........
♣~~~~......
♣~.~~..J.# ♣.5@.#
#.>..####
###.....# #.....#
#.....# #
#######|....# #.
...?........#..
#..#######(.......
#...#<........#..


You could see a jelly and a white imp.

Vanquished Creatures
  Blork the orc (D:5)
  A quasit (D:5)
  Robin (D:2)
  A gnoll (D:1)
  2 adders (D:2)
  A dart slug (D:1)
  5 orcs (D:4)
  4 bats
  3 endoplasms
  14 goblins
  11 hobgoblins
  2 jackals (D:2)
  3 kobolds
  2 quokkas
  A ball python (D:2)
  A frilled lizard (D:3)
  5 rats
58 creatures vanquished.

Vanquished Creatures (collateral kills)
  A ball python (D:3)
1 creature vanquished.

Grand Total: 59 creatures vanquished

Notes
Turn   | Place    | Note
-------+----------+-------------------------------------------
     0 | D:1      | Nick1 the Demonspawn Necromancer began the quest for the
                  | Orb.
     0 | D:1      | Reached XP level 1. HP: 13/13 MP: 3/3
    70 | D:1      | Found Podapoh's Armour Boutique.
   217 | D:1      | Gained mutation: You have sharp fingernails. [demonic
                  | ancestry]
   217 | D:1      | Reached XP level 2. HP: 19/19 MP: 1/5
   229 | D:1      | Found Jypuad Ecoo's Magic Scroll Emporium.
   286 | D:1      | Reached skill level 5 in Necromancy
   424 | D:1      | Found Vuimm's Book Shop.
   442 | D:1      | Found Rofoi's General Store.
   497 | D:1      | Found Jedoe's Weapon Boutique.
   642 | D:1      | Gained mutation: You have very sharp fingernails. [demonic
                  | ancestry]
   642 | D:1      | Reached XP level 3. HP: 21/25 MP: 6/6
   646 | D:1      | Learned a level 3 spell: Vampiric Draining
   709 | D:1      | Gained mutation: You possess an exceptional clarity of
                  | mind. [potion of mutation]
   709 | D:1      | Gained mutation: You are robust. (+10% HP) [potion of
                  | mutation]
   709 | D:1      | Gained mutation: A frigid envelope surrounds you and
                  | freezes all who hurt you. [potion of mutation]
   857 | D:2      | Noticed Robin
   876 | D:2      | Killed Robin
  1036 | D:2      | Reached XP level 4. HP: 30/34 MP: 7/7
  1527 | D:3      | Found Boupu's Distillery.
  1542 | D:3      | Bought a potion of heal wounds for 60 gold pieces
  1776 | D:3      | Found Tiopeng's Antique Armour Shop.
  1853 | D:3      | Found an ancient bone altar of Kikubaaqudgha.
  1859 | D:3      | Found Por Qur's Book Boutique.
  1865 | D:3      | Became a worshipper of Kikubaaqudgha
  1933 | D:3      | Found a blossoming altar of Fedhas.
  2245 | D:4      | Found Vokamous's Assorted Antiques.
  2309 | D:4      | Noticed Grinder
  2553 | D:4      | Found a burning altar of Makhleb.
  2600 | D:5      | Entered Level 5 of the Dungeon
  2600 | D:5      | Noticed Blork the orc
  2603 | D:5      | Killed Blork the orc
  2604 | D:5      | Reached skill level 1 in Fighting
  2604 | D:5      | Gained mutation: You regenerate a little health from kills.
                  | [demonic ancestry]
  2604 | D:5      | Reached XP level 5. HP: 32/40 MP: 6/9
  2630 | D:5      | Splashed by a jelly's acid

Illustrated notes

Levels and vault maps discovered:
D:1:      arrival_zaba_pyramid, layout_basic, serial_shops, shop,
          nicolae_shop_crystal, nicolae_shop_tiny_statue_garden, shop,
          nicolae_shop_rolled_up
D:2:      layout_loops_cross, uniq_robin
D:3:      layout_loops_ring, mainiacjoe_overflow_small_starburst,
          mainiacjoe_overflow_cross_hatched, serial_shops, shop,
          nicolae_shop_stone, shop_coins, grunt_decor_arrowhead
D:4:      layout_cave_pools, bloody_makhleb, serial_shops, nicolae_diamond_shop,
          hangedman_abyss_or_decor_passed, uniq_grinder
D:5:      layout_basic, pdpol_wu_jian_five_deadly_venoms, amcnicky_altar_gilded,
          nicolae_ashenzari_skybound, nicolae_overflow_squiral,
          minmay_temple_entry_hall, serial_demonic, serial_demonic_g,
          serial_demonic_a, serial_demonic_g, serial_demonic_f,
          uniq_blork_the_orc

Skill      XL: |  1  2  3  4 |
---------------+-------------+-----
Necromancy     | 5 |  5.8
Stealth        | 2 |  2.5
Dodging        | 2 |  2.4
Fighting       | 1 |  1.2
Throwing       | |  0.6
Unarmed Combat | |  0.4
Spellcasting   | |  2.8

Action                     |  1- 3 |  4- 6 || total
---------------------------+-------+-------++-------
  Melee: Dagger            |    11 |       ||    11
         Unarmed           |    51 |    26 ||    77
  Throw: Javelin           |    16 |    14 ||    30
   Cast: Necrotise         |    28 |    19 ||    47
    Use: Scroll            |     1 |     5 ||     6
         Potion            |     1 |       ||     1
   Stab: Sleeping          |     3 |     5 ||     8
 Armour: Robe              |    48 |    19 ||    67
  Dodge: Dodged            |    31 |    22 ||    53

Table legend: (Time is in decaauts)
 A = Elapsed time spent in this place.
 B = Non-inter-level travel time spent in this place.
 C = Inter-level travel time spent in this place.
 D = Time resting spent in this place.
 E = Time spent auto-exploring this place.
 F = Levels seen in this place.
 G = Mean time per level.
                   A        B        C        D        E       F      G
               +--------+--------+--------+--------+--------+-----+--------+
         Total |   2643 |   2483 |    160 |      0 |   1675 |   5 |  528.6 |
       Dungeon |   2643 |   2483 |    160 |      0 |   1675 |   5 |  528.6 |
               +--------+--------+--------+--------+--------+-----+--------+

Top non-repeatable levels by time:
     D:2: 770 daAuts
     D:1: 757 daAuts
     D:3: 697 daAuts
     D:4: 387 daAuts
     D:5: 30 daAuts
